[Event "*** Titled Tuesday Blitz"]
[Site "Chess.com"]
[Date "2020.12.29"]
[Round "2"]
[White "NoGalloNoParty"]
[Black "zurzan"]
[Result "1-0"]
[WhiteElo "2374"]
[BlackElo "2051"]
[TimeControl "180+1"]
[EndTime "10:18:12 PST"]
[Termination "NoGalloNoParty won on time"]

1. d4 d6 2. Nf3 f5 3. c4 Nf6 4.
g3 g6 5. Bg2 Bg7 6. O-O O-O 7.
Nc3 c6 8. b3 Na6 9. Bb2 Qc7 10.
Rc1 Bd7 11. d5 Rad8 12. Nd4 Rfe8 13. Re1 e5 14. dxe6 Bxe6 15. Nxe6 Rxe6 16. Qd2 Nc5 17. Qc2 Rde8 18. e3 Nce4 19. Ne2 Nxf2 20. Bxf6 Bxf6 21. Kxf2 Rxe3 22. Qd2 Qe7 23. Nf4 Bd4 24. Kf1 c5 25. Bd5+ Kh8 26. Ne6 Rxe1+ 27. Rxe1 Qf6 28. Nxd4 Rxe1+ 29. Kxe1 cxd4 30. Qe2 Kg7 31. Kd2 b6 32. Kd3 f4 33. Qf3 Qf5+ 34. Be4 Qa5 35. Kxd4 1-0

[Event "*** Titled Tuesday Blitz"]
[Site "Chess.com"]
[Date "2020.12.29"]
[Round "2"]
[White "vladjianu"]
[Black "Zhigalko_Sergei"]
[Result "1-0"]
[WhiteElo "2581"]
[BlackElo "2848"]
[TimeControl "180+1"]
[EndTime "10:18:13 PST"]
[Termination "vladjianu won on time"]

1. d4 Nf6 2. Nf3 e6 3. g3 b5 4. Bg2 Bb7 5. O-O c5 6. Bg5 cxd4 7. Bxf6 Qxf6 8. Nxd4 Bxg2 9. Kxg2 a6 10. c3 Bc5 11.
Qd3 Nc6 12. Nxc6 dxc6 13. Nd2 Rd8 14. Qe4 Rd5 15. c4 bxc4 16. Nxc4 O-O 17. Rac1 Rfd8 18. e3 Bf8 19. Rc2 g6 20. Nb6 Rb5 21. Nc4 Rbd5 22. b3 c5 23. Rfc1 h5 24. h4 Rf5 25.
Rf1 Rfd5 26. Re1 Be7 27. Ree2 g5 28. hxg5 Rxg5 29. Rcd2 Rdd5 30. Nb6 Rdf5 31. Nd7 Qg7 32.
Re1 Rg4 33. Qa8+ Kh7 34. Qe8 Bg5 35. Nf8+ Kh6 36. Nxe6 fxe6 37. Rd7 Qg6 38. Qh8+ 1-0

[Event "*** Titled Tuesday Blitz"]
[Site "Chess.com"]
[Date "2020.12.29"]
[Round "2"]
[White "swimmerchess"]
[Black "Son_of_Sultan"]
[Result "1-0"]
[WhiteElo "2818"]
[BlackElo "2534"]
[TimeControl "180+1"]
[EndTime "10:18:13 PST"]
[Termination "swimmerchess won on time"]

1. e4 c5 2. Nf3 d6 3. d4 cxd4 4. Nxd4 Nf6 5. Nc3 a6 6. Bg5 e6 7. f4 h6 8. Bh4 Qb6 9. Qd2 Qxb2 10. Rb1 Qa3 11. e5 dxe5 12. fxe5 Nd5 13. Nxd5 exd5 14. e6 Bxe6 15. Nxe6 fxe6 16. Be2 Be7 17. Bh5+ Kd8 18. Bf2 Nd7 19. O-O Rf8 20. Rb3 Qd6 21. Rxb7 a5 22. Rfb1 Qc6 23. Kh1 Bc5 24. Bxc5 Qxc5 25. Bg4 Rf6 26.
Qe2 Ke7 27. Re1 Qc6 28. Rb3 Raf8 29. Re3 Nc5 30. Bf3 Qd6 31. Qb5 Kf7 32. Qxa5 Kg8 33. Qd2 Qc7 34. Qd4 Ne4 35. c4 Ng5 36. cxd5 Nxf3 37.
gxf3 exd5 38. Qxd5+ Kh8 39. a4 Rf4 40. Re8 Kh7 41.
Qd3+ Kg8 42. Kg2 Qa5 43. Qb5 Qd2+ 44. R1e2 1-0

[Event "*** Titled Tuesday Blitz"]
[Site "Chess.com"]
[Date "2020.12.29"]
[Round "2"]
[White "Trickov"]
[Black "Astaneh"]
[Result "0-1"]
[WhiteElo "2322"]
[BlackElo "2601"]
[TimeControl "180+1"]
[EndTime "10:18:13 PST"]
[Termination "Astaneh won on time"]

1. d4 Nf6 2. Nf3 e6 3. g3 c5 4. Bg2 b6 5. Ne5 d5 6. c4 Bb7 7. Nc3 Nbd7 8. cxd5 Nxe5 9. dxe5 Nxd5 10. Nxd5 Bxd5 11. Qa4+ Qd7 12. Qxd7+ Kxd7 13. e4 Bc6 14.
Be3 Kc7 15. O-O-O Be7 16. f4 Rhd8 17. g4 a5 18. f5 a4 19. Bf4 a3 20. f6 axb2+ 21. Kxb2 Bf8 22. Rd6 gxf6 23. Rxd8 Rxd8 24. exf6+ Bd6 25. e5 Bxg2 26. exd6+ Kc6 27. Rg1 Bd5 28. h4 b5 29. g5 b4 30. h5 c4 31. a3 c3+ 32. Kc2 bxa3 33. Kxc3 Rb8 34. Rc1 a2 35. Be5 Rb1 36. Kd2+ Kd7 37. g6 hxg6 38. hxg6 Rb8 39. gxf7 Bc6 40. Rc2 a1=Q 41. Bxa1 Kxd6 42. Rxc6+ Kxc6 43.
Bb2 Rf8 0-1

[Event "*** Titled Tuesday Blitz"]
[Site "Chess.com"]
[Date "2020.12.29"]
[Round "2"]
[White "jamalm2"]
[Black "Enriquack"]
[Result "0-1"]
[WhiteElo "1902"]
[BlackElo "2364"]
[TimeControl "180+1"]
[EndTime "10:18:13 PST"]
[Termination "Enriquack won on time"]

1. b4 c6 2. Bb2 a5 3. bxa5 Rxa5 4.
e3 Nf6 5. Nf3 e6 6. c4 Be7 7.
Be2 O-O 8. O-O d5 9. d4 Nbd7 10.
c5 b6 11. cxb6 Qxb6 12. Bc3 Ra8 13. Nbd2 Ba6 14. Bxa6 Rxa6 15. Nb3 Rfa8 16. Qe2 Ne4 17. Bb2 Rxa2 18. Nc5 Ndxc5 19. dxc5 Qb8 20. Rab1 Qf8 21. Qd3 Nxc5 22. Qc3 Na4 23. Qb3 Nxb2 24. Rxb2 Rxb2 25. Qxb2 Bf6 26. Qc2 c5 27. h3 g6 28. h4 h5 29. g3 c4 30. Kg2 Ra1 31. Rxa1 Bxa1 32. Ng5 Bf6 33. Nh3 Qb4 34. Nf4 Kg7 35.
Qe2 Qb1 36. g4 c3 37. gxh5 c2 38. hxg6 c1=Q 39. Nh5+ Kxg6 40. Qg4+ Kh6 0-1

[Event "*** Titled Tuesday Blitz"]
[Site "Chess.com"]
[Date "2020.12.29"]
[Round "2"]
[White "viktorko131"]
[Black "LiderChessAcademy"]
[Result "0-1"]
[WhiteElo "2096"]
[BlackElo "2609"]
[TimeControl "180+1"]
[EndTime "10:18:14 PST"]
[Termination "LiderChessAcademy won on time"]

1. e4 c5 2. Nf3 d6 3. d4 cxd4 4. Nxd4 Nf6 5. Nc3 g6 6. Be3 Bg7 7. f3 O-O 8. Qd2 Nc6 9. Bc4 Bd7 10. Bb3 Qa5 11. O-O-O Rfc8 12. Kb1 Ne5 13. g4 b5 14. g5 b4 15. Nce2 Nh5 16. Ng3 Nc4 17. Bxc4 Rxc4 18. Nxh5 gxh5 19. Nb3 Qc7 20. Bd4 e5 21. Be3 Rc8 22. Qxd6 Bh3 23. Qxc7 R4xc7 24. Rd2 Bf8 25. Rhd1 Be7 26. Nc1 Be6 27. Nd3 f6 28. gxf6 Bxf6 29. b3 a5 30. f4 exf4 31. Bxf4 Rc3 32.
e5 Be7 33. Rg2+ Kf7 34. Rdg1 Ke8 35. Bg5 Bxg5 36. Rxg5 Rxc2 37. Rxh5 Rd2 0-1

[Event "*** Titled Tuesday Blitz"]
[Site "Chess.com"]
[Date "2020.12.29"]
[Round "2"]
[White "Iskusnyh"]
[Black "KubaGepard"]
[Result "1-0"]
[WhiteElo "2580"]
[BlackElo "2298"]
[TimeControl "180+1"]
[EndTime "10:18:14 PST"]
[Termination "Iskusnyh won by resignation"]

1. d4 d5 2. c4 dxc4 3. e3 c5 4. Bxc4 Nf6 5. Nf3 e6 6. O-O Nc6 7. Nc3 a6 8. dxc5 Qc7 9. Na4 Na5 10. Be2 Bd7 11. b4 Nc6 12. Nb6 Rd8 13. Qb3 Be7 14.
Bb2 O-O 15. Rfd1 e5 16. Nxd7 Rxd7 17. Rxd7 Nxd7 18. Rd1 e4 19. Nd4 Nxd4 20. Rxd4 Nf6 21. h3 Qc6 22. Bc4 h6 23. a3 Bd8 24. Rd6 Qe8 25. Qd1 Be7 26. Rd2 Qb8 27. Qb3 Qe8 28. a4 Bd8 29. b5 axb5 30. axb5 Qe7 31. c6 bxc6 32. bxc6 Bc7 33. g3 Rb8 34. Qc3 Re8 35.
Rd7 Bxg3 36. Rxe7 Rxe7 37. fxg3 Re5 38. Qxe5 1-0

[Event "*** Titled Tuesday Blitz"]
[Site "Chess.com"]
[Date "2020.12.29"]
[Round "2"]
[White "PawnEatingZombie"]
[Black "Margency"]
[Result "0-1"]
[WhiteElo "2245"]
[BlackElo "2622"]
[TimeControl "180+1"]
[EndTime "10:18:15 PST"]
[Termination "Margency won on time"]

1. d4 d5 2. c4 e6 3. Nc3 c5 4. cxd5 exd5 5. Nf3 Nc6 6. dxc5 d4 7. Na4 Bxc5 8. Nxc5 Qa5+ 9. Bd2 Qxc5 10. Rc1 Qe7 11. Qa4 Nf6 12. Nxd4 O-O 13. e3 Ne4 14. Nxc6 bxc6 15.
Qc2 Rd8 16. Bc3 Bf5 17. Bd3 Nxf2 18. Qxf2 Bxd3 19. Qg3 f6 20. Kf2 Be4 21. Rcd1 Rd5 22. Rxd5 cxd5 23. Rc1 Rc8 24. Bd2 Rxc1 25. Bxc1 h5 26.
Qb8+ Kh7 27. Bd2 Qe6 28. Qb4 Qg4 29. g3 Qf3+ 30. Ke1 Qh1+ 31. Ke2 Qxh2+ 32. Kd1 Qxg3 33. Qe7 h4 34. Be1 Qg4+ 35. Kd2 h3 0-1

[Event "*** Titled Tuesday Blitz"]
[Site "Chess.com"]
[Date "2020.12.29"]
[Round "2"]
[White "erdni1993"]
[Black "bocah_sakit"]
[Result "0-1"]
[WhiteElo "2534"]
[BlackElo "2817"]
[TimeControl "180+1"]
[EndTime "10:18:16 PST"]
[Termination "bocah_sakit won by resignation"]

1. e4 c5 2. Nf3 Nc6 3. d4 cxd4 4. Nxd4 g6 5. Nc3 Bg7 6. Nde2 Nf6 7. g3 O-O 8. Bg2 d6 9. O-O a6 10. Nd5 b5 11. c3 Bb7 12. Bg5 Nd7 13. Qd2 Re8 14. Rfe1 Nce5 15. b3 Rc8 16. Rad1 Nb6 17. h3 Nxd5 18.
exd5 Qa5 19. Be3 Nd7 20. Bd4 Bxd4 21. Qxd4 Qxa2 22. Nc1 Qa5 23. Rd3 Qb6 24. Qh4 Nf6 25.
Ne2 a5 26. Red1 Rc5 27. Qd4 Qc7 28. Qe3 a4 29. b4 Rc4 30. Nd4 Qb6 31. Nc2 Qxe3 32.
Rxe3 Rec8 33. Rxe7 Rxc3 34. Rxb7 Rxc2 35. Rxb5 Rc1 36.
Rxc1 Rxc1+ 37. Kh2 Rc2 38. f4 Rb2 39. Rb8+ Kg7 40. b5 Nxd5 41. Kg1 Ne3 42. Bf3 a3 43. Ra8 a2 44. b6 Nc2 45. b7 a1=Q+ 46. Rxa1 Nxa1 0-1

[Event "*** Titled Tuesday Blitz"]
[Site "Chess.com"]
[Date "2020.12.29"]
[Round "2"]
[White "ftorodent"]
[Black "JoachimMouhamad"]
[Result "1/2-1/2"]
[WhiteElo "2639"]
[BlackElo "2353"]
[TimeControl "180+1"]
[EndTime "10:18:16 PST"]
[Termination "Game drawn by repetition"]

1. d4 Nf6 2. c4 g6 3. Nc3 d5 4. Nf3 Bg7 5. cxd5 Nxd5 6. Bg5 Nxc3 7. bxc3 O-O 8. e3 c5 9. Qd2 Nc6 10. Be2 h6 11. Bh4 Re8 12. Rd1 Qa5 13. O-O Bf5 14. Qb2 b6 15. Nd2 cxd4 16. cxd4 Qb4 17. Qxb4 Nxb4 18. a3 Nd5 19. e4 Nc3 20. Rde1 Nxe2+ 21. Rxe2 Bg4 22. Nf3 Bxf3 23. gxf3 Bxd4 24. Rd1 e5 25.
Rc2 Rac8 26. Rdc1 Rxc2 27. Rxc2 g5 28. Bg3 Re7 29. Rc6 Kg7 30. h4 f6 31. Kg2 Rb7 32.
Kh3 b5 33. Kg4 Kg6 34. h5+ Kg7 35. Kf5 Rf7 36. Rc8 Rb7 37. Rc6 Rf7 38. Rc8 a5 39. Rb8 b4 40. a4 Rc7 41. Rb5 Rd7 42.
Ke6 Rc7 43. Kf5 Ra7 44. Rb8 Rc7 45. Rb5 1/2-1/2

[Event "*** Titled Tuesday Blitz"]
[Site "Chess.com"]
[Date "2020.12.29"]
[Round "2"]
[White "maximnovik"]
[Black "MarcoCorvi"]
[Result "1-0"]
[WhiteElo "2615"]
[BlackElo "2192"]
[TimeControl "180+1"]
[EndTime "10:18:17 PST"]
[Termination "maximnovik won on time"]

1. Nf3 f5 2. g3 Nf6 3. Bg2 d6 4. O-O e5 5. c4 Be7 6. Nc3 O-O 7. d3 Nc6 8. a3 Qe8 9. b4 Qh5 10. Bg5 h6 11. Bxf6 Bxf6 12. Nd5 Bd8 13. b5 Ne7 14. Qb3 Nxd5 15. cxd5 f4 16. Rac1 Bh3 17. Rc4 b6 18. Rfc1 Bxg2 19. Kxg2 a6 20. Ra4 a5 21. Qd1 Rf7 22. Rc2 g5 23. Nd2 g4 24.
Ne4 Bg5 25. Rac4 Bd8 26. d4 a4 27. dxe5 f3+ 28. exf3 gxf3+ 29. Kg1 Qxe5 30. R2c3 Ra5 31. Rxf3 Rxf3 32. Qxf3 Rxb5 33. Kg2 Rb3 34. Qg4+ Kh7 35. Qd7+ Be7 36. Qxa4 Rd3 37. Qe8 Rxd5 38. Qf7+ Kh8 39. Ra4 1-0

[Event "*** Titled Tuesday Blitz"]
[Site "Chess.com"]
[Date "2020.12.29"]
[Round "2"]
[White "Chuchofrio1"]
[Black "Snegokhod"]
[Result "0-1"]
[WhiteElo "2269"]
[BlackElo "2459"]
[TimeControl "180+1"]
[EndTime "10:18:17 PST"]
[Termination "Snegokhod won by checkmate"]

1. d4 Nf6 2. c4 g6 3. Nc3 d5 4. Bf4 Bg7 5. e3 O-O 6. Rc1 c6 7. cxd5 cxd5 8. Bd3 Nc6 9. Nf3 Bf5 10. O-O e6 11. Na4 Ne4 12. Nc5 Nxc5 13. Rxc5 Bxd3 14. Qxd3 Qd7 15. Rfc1 Rfc8 16. a3 f6 17. h4 Bf8 18.
R5c2 Bd6 19. Bh6 Ne7 20. Qb3 Rxc2 21. Rxc2 Rc8 22. Nd2 Nf5 23. Rxc8+ Qxc8 24. Bf4 Nxd4 25. Qd3 Nf5 26. Bxd6 Nxd6 27. h5 gxh5 28. Qd4 Kg7 29. Nf3 b6 30. Qf4 Nf5 31. g4 hxg4 32. Qxg4+ Kh8 33.
e4 Nh6 34. Qh4 Qg8+ 35. Kf1 Qg6 36. exd5 exd5 37. Qb4 Kg7 38. Qe7+ Qf7 39. Qe3 Nf5 40. Qd3 Qe6 41. Qa6 Qd7 42. Qd3 d4 43. Qe4 d3 44.
Qg4+ Kf7 45. Qh5+ Ke6 46. Ke1 Qd5 47. Qe8+ Ne7 48. Nd2 Qe5+ 49. Kd1 Qe2+ 50. Kc1 Qe1# 0-1

[Event "*** Titled Tuesday Blitz"]
[Site "Chess.com"]
[Date "2020.12.29"]
[Round "2"]
[White "Mambastik-Fantastic"]
[Black "Everyfishknows"]
[Result "1-0"]
[WhiteElo "2222"]
[BlackElo "2411"]
[TimeControl "180+1"]
[EndTime "10:18:17 PST"]
[Termination "Mambastik-Fantastic won by resignation"]

1. e4 e5 2. Nf3 Nc6 3. Bb5 a6 4. Ba4 Nf6 5. d3 d6 6. O-O g6 7. c3 Bg7 8. Bg5 O-O 9. Qd2 Bd7 10.
h3 Re8 11. Bb3 Be6 12. Re1 Bxb3 13. axb3 d5 14. exd5 Qxd5 15. b4 Rad8 16. Na3 Qxd3 17. Qc1 e4 18. Nh2 Qd5 19. Ng4 Qf5 20. Nc2 h5 21.
Bxf6 Bxf6 22. Nh6+ Kg7 23. Nxf5+ gxf5 24. Ne3 Kg6 25. g3 Ne5 26. Rd1 Nf3+ 27. Kg2 h4 28. Nd5 Be5 29. Nf4+ Kh7 30. Qe3 hxg3 31. fxg3 Rg8 32.
Kf2 Bd6 33. Nh5 Rg6 34. Nf4 Rg7 35. g4 Rdg8 36. Nh5 Rg6 37. Rd5 fxg4 38. hxg4 Rxg4 39. Nf6+ Kh8 40. Nxg4 Rxg4 41. Rh1+ Kg7 42. Qh6+ 1-0

[Event "*** Titled Tuesday Blitz"]
[Site "Chess.com"]
[Date "2020.12.29"]
[Round "2"]
[White "Geller_Jakov"]
[Black "penguingm1"]
[Result "0-1"]
[WhiteElo "2588"]
[BlackElo "2940"]
[TimeControl "180+1"]
[EndTime "10:18:18 PST"]
[Termination "penguingm1 won on time"]

1. e4 e5 2. Nf3 Nc6 3. Bc4 Bc5 4. d3 Nf6 5. O-O a6 6. c3 Ba7 7. a4 d6 8. Re1 O-O 9. h3 Be6 10. Nbd2 Nh5 11. Bb3 Qf6 12. Nf1 Nf4 13. Bc2 g5 14. Be3 g4 15. hxg4 Bxg4 16. N1h2 Qg6 17. Bxf4 exf4 18.
Nxg4 Qxg4 19. d4 Kh8 20. Nh2 Qh4 21. Qg4 Qh6 22. Qh3 Qg7 23. Nf3 Rae8 24. Nh4 Rg8 25. Nf5 Qg5 26. Bd1 Re6 27. Bf3 Ne7 28. Nxe7 Qxe7 29. Re2 Qg5 30. Rae1 Rh6 31. Qf5 Qh4 32.
g3 fxg3 33. fxg3 Qxg3+ 34. Bg2 c5 0-1

[Event "*** Titled Tuesday Blitz"]
[Site "Chess.com"]
[Date "2020.12.29"]
[Round "2"]
[White "gmcorrales"]
[Black "Mikasinski"]
[Result "1-0"]
[WhiteElo "2770"]
[BlackElo "2514"]
[TimeControl "180+1"]
[EndTime "10:18:18 PST"]
[Termination "gmcorrales won by resignation"]

1. e4 c5 2. Nf3 d6 3. d4 cxd4 4.
Nxd4 Nf6 5. Nc3 g6 6. Be3 Bg7 7.
f3 O-O 8. Qd2 Nc6 9. O-O-O Bd7 10. g4 Rc8 11. h4 Ne5 12. h5 Qa5 13. Nb3 Qc7 14. Be2 Nc4 15. Bxc4 Qxc4 16. Bh6 Bxh6 17.
Qxh6 b5 18. hxg6 fxg6 19. g5 Nh5 20. Rxh5 gxh5 21. g6 Rf7 22. gxf7+ Qxf7 23. Nd4 Kh8 24. Nd5 Rg8 25. b3 e6 26. Qf6+ Rg7 27. Qxf7 Rxf7 28.
Ne3 h4 29. Rh1 d5 30. Rxh4 e5 31. Ndf5 d4 32. Nd6 Rf6 33. Nef5 Kg8 34. Rg4+ Kf8 35.
Kd2 a5 36. Rh4 Kg8 37. c3 dxc3+ 38. Kxc3 b4+ 39. Kc4 Rg6 40. Kd5 Be6+ 41. Kxe5 Bd7 42. Ne7+ 1-0

[Event "*** Titled Tuesday Blitz"]
[Site "Chess.com"]
[Date "2020.12.29"]
[Round "2"]
[White "Beca95"]
[Black "Pelopidass"]
[Result "0-1"]
[WhiteElo "2826"]
[BlackElo "2563"]
[TimeControl "180+1"]
[EndTime "10:18:19 PST"]
[Termination "Pelopidass won on time"]

1. e4 c5 2. Nf3 d6 3. d4 cxd4 4.
Nxd4 Nf6 5. Nc3 a6 6. Bc4 e6 7. Be3 b5 8. Bb3 Be7 9. Qe2 Bd7 10. a3 Nc6 11. O-O-O Nxd4 12. Rxd4 Qc7 13. g4 Bc6 14. g5 Nd7 15. Kb1 Nc5 16. Ba2 Qb7 17. Qh5 a5 18. Nd5 exd5 19. exd5 Bd7 20. Rf4 g6 21. Qf3 Bf5 22. Re1 O-O-O 23. Rxf5 gxf5 24.
Qxf5+ Qd7 25. Qf3 Kb8 26. h4 Rhe8 27. Qf4 Kb7 28. Rd1 Rc8 29. Qf3 Bf8 30. Bd4 Qe7 31.
Bxc5 Rxc5 32. Qf5 Rec8 33. c3 Bg7 34. Bb3 a4 35. Bc2 Qe5 36. Qd3 Rc4 37. Rh1 Re8 38. Qxh7 Rxc3 39. f4 Qd4 40. Rd1 Rd3 0-1

[Event "*** Titled Tuesday Blitz"]
[Site "Chess.com"]
[Date "2020.12.29"]
[Round "2"]
[White "RobertoJBM"]
[Black "Agent-JL"]
[Result "0-1"]
[WhiteElo "2702"]
[BlackElo "2397"]
[TimeControl "180+1"]
[EndTime "10:18:19 PST"]
[Termination "Agent-JL won on time"]

1. d4 Nf6 2. c4 e6 3. Nc3 Bb4 4. Qc2 c5 5. dxc5 Na6 6. a3 Bxc3+ 7. Qxc3 Nxc5 8. b4 Nce4 9. Qd4 d5 10. Bb2 dxc4 11.
Qxd8+ Kxd8 12. f3 c3 13. Bc1 Nd6 14. e4 e5 15. Be3 Be6 16. Rc1 b6 17. Rxc3 Rc8 18.
Rxc8+ Kxc8 19. Ba6+ Kb8 20. Ne2 Bc4 21. Bxc4 Nxc4 22.
Bc1 Rd8 23. Ng3 Rd3 24. Ke2 Rc3 25. Nf5 g6 26. Nh6 b5 27. Nxf7 Rc2+ 28. Kd3 Rxg2 29.
Rf1 Rxh2 30. f4 Rh3+ 31. Ke2 Nxe4 32. Rf3 Rh2+ 33. Kd3 Nf2+ 34. Kc3 e4 35. Rg3 Nd1+ 36. Kd4 e3 37. Ne5 e2 38. Nd3 Nf2 39. Ne1 Rh1 0-1

[Event "*** Titled Tuesday Blitz"]
[Site "Chess.com"]
[Date "2020.12.29"]
[Round "2"]
[White "azikom"]
[Black "Leo_C"]
[Result "1-0"]
[WhiteElo "2632"]
[BlackElo "2340"]
[TimeControl "180+1"]
[EndTime "10:18:19 PST"]
[Termination "azikom won by resignation"]

1. c4 e6 2. Nc3 d5 3. e3 Nf6 4. Nf3 c6 5. b3 Bd6 6. Bb2 O-O 7.
Be2 e5 8. cxd5 cxd5 9. Nb5 Nc6 10. Nxd6 Qxd6 11. O-O d4 12. Bb5 Bg4 13. Bxc6 bxc6 14.
d3 Rfe8 15. exd4 exd4 16. h3 Bxf3 17. Qxf3 c5 18. Rfe1 Nd5 19. Re4 Re6 20. Rxe6 Qxe6 21. Rc1 Rc8 22. Qe4 Qxe4 23. dxe4 Nb6 24. Kf1 f6 25. Ke2 Kf7 26. Ba3 c4 27. bxc4 Nxc4 28. f4 a6 29. Kd3 Nd6 30. Rxc8 Nxc8 31. Kxd4 Ke6 32. Bc5 a5 33. f5+ Kd7 34. Kd5 g6 35. g4 g5 36. a4 h6 37. e5 fxe5 38. Kxe5 Kc6 39. Kd4 Kd7 40. Kd5 Kc7 41. f6 Kd7 42. Ke5 Ke8 43. Ke6 Kd8 44. f7 1-0

[Event "*** Titled Tuesday Blitz"]
[Site "Chess.com"]
[Date "2020.12.29"]
[Round "2"]
[White "kuban1991"]
[Black "goldenpuppy"]
[Result "1-0"]
[WhiteElo "2766"]
[BlackElo "2349"]
[TimeControl "180+1"]
[EndTime "10:18:19 PST"]
[Termination "kuban1991 won by resignation"]

1. Nf3 c5 2. g3 Nc6 3. Bg2 e5 4. O-O d6 5. c4 g6 6. Nc3 Bg7 7. Ne1 Nge7 8. Nc2 O-O 9. Ne3 f5 10. d3 Be6 11. Ned5 Qd7 12. Bd2 Rae8 13. a3 b6 14. Qa4 Nd4 15. Qxd7 Bxd7 16. e3 Nb3 17. Rad1 Nxd2 18. Rxd2 Nxd5 19. Bxd5+ Kh8 20. b4 e4 21. Ne2 exd3 22. Rxd3 b5 23. Rfd1 Be5 24. h4 Kg7 25. bxc5 dxc5 26. Bf3 Be6 27. cxb5 c4 28. Rd4 Bxd4 29. Nxd4 Bf7 30. a4 Rc8 31. Rc1 Rc5 32. Nc6 c3 33. Nxa7 c2 34. b6 Rb8 35.
a5 Rxa5 36. Rxc2 Rxb6 37. Rc7 Ra1+ 38. Kg2 Kf6 39. Rc6+ Rxc6 40. Nxc6 Rc1 41. Nd4 Ke5 42. Be2 Bd5+ 43. Bf3 Be4 44. Bxe4 fxe4 45. Ne2 Rc2 46. Nf4 Kf5 47. Nh3 h6 48. Nf4 g5 49. hxg5 hxg5 50. Nd5 Rd2 51. Nc3 Rd3 52. Nb5 Ke5 53. Nd4 Kd5 54. Nf5 Kc4 55. g4 Kc3 56. Ng3 Kd2 57. Nxe4+ Ke1 58. Nxg5 Rd2 59. Nh3 Ke2 60. g5 Rd6 61.
Kg3 Kd3 62. Kf4 Rd8 63. g6 Rf8+ 64. Kg5 Ke4 65. g7 Ra8 66. Kg6 Ke5 67. Kh7 Ra7 68.
Kh8 Ra4 69. g8=Q Rh4+ 70. Qh7 Rxh7+ 71. Kxh7 1-0

[Event "*** Titled Tuesday Blitz"]
[Site "Chess.com"]
[Date "2020.12.29"]
[Round "2"]
[White "QuintilianoR"]
[Black "javirec"]
[Result "1-0"]
[WhiteElo "2663"]
[BlackElo "2377"]
[TimeControl "180+1"]
[EndTime "10:18:20 PST"]
[Termination "QuintilianoR won on time"]

1. d4 Nf6 2. c4 g6 3. Nc3 Bg7 4. Nf3 d6 5. e4 O-O 6. Be2 c6 7. O-O a6 8. h3 b5 9. a3 Bb7 10. Qc2 Nbd7 11. Rd1 Qb8 12. Bg5 e5 13. dxe5 dxe5 14.
b4 Re8 15. c5 h6 16. Be3 Nf8 17. Rd6 Nh5 18. g3 Ne6 19. Qd2 Kh7 20. Rd1 Rf8 21. Nh4 Nhf4 22. Bf1 Qe8 23. Qc2 Nh5 24. Nf3 Bf6 25. Qb3 Rd8 26. Rxd8 Nxd8 27. a4 Qe6 28. Qxe6 Nxe6 29. axb5 axb5 30. Rd7 Bc8 31. Ra7 Nd4 32. Bxd4 exd4 33. Ne2 d3 34. Nc1 d2 35. Nxd2 Bc3 36. Nb1 Bxb4 37. Nd3 Be6 38. Nxb4 Rd8 39. Be2 Nf6 40.
Nxc6 Rc8 41. Nd4 Bc4 42. e5 1-0

[Event "*** Titled Tuesday Blitz"]
[Site "Chess.com"]
[Date "2020.12.29"]
[Round "2"]
[White "Angel_Hranitel_37"]
[Black "MVM2008"]
[Result "1-0"]
[WhiteElo "2418"]
[BlackElo "2194"]
[TimeControl "180+1"]
[EndTime "10:18:20 PST"]
[Termination "Angel_Hranitel_37 won on time"]

1. d4 Nf6 2. Nf3 d6 3. g3 g6 4.
Bg2 Bg7 5. O-O O-O 6. Nc3 Nbd7 7. a4 e5 8. dxe5 Nxe5 9. Nxe5 dxe5 10. Qxd8 Rxd8 11. Bg5 Be6 12. Bxb7 Rab8 13. Bg2 h6 14. Bxf6 Bxf6 15. Ne4 Be7 16. b3 f5 17. Nc3 a6 18.
Rfd1 Bb4 19. Nd5 Bxd5 20. Bxd5+ Kg7 21. Bc4 Kf6 22. Bxa6 Rxd1+ 23. Rxd1 Rb6 24. Bb5 Rd6 25. Ra1 Ba5 26. c4 c5 27. e4 fxe4 28. b4 Bxb4 29. a5 Bc3 30. Ra2 e3 31. fxe3 e4 32. a6 Rd8 33. a7 Kf5 34. a8=Q Rd1+ 35. Kg2 Kg4 36. Qxe4+ 1-0

[Event "*** Titled Tuesday Blitz"]
[Site "Chess.com"]
[Date "2020.12.29"]
[Round "2"]
[White "GMHess"]
[Black "louis198"]
[Result "0-1"]
[WhiteElo "2851"]
[BlackElo "2571"]
[TimeControl "180+1"]
[EndTime "10:18:21 PST"]
[Termination "louis198 won on time"]

1. b3 e6 2. Bb2 Nf6 3. g3 d5 4.
Bg2 a5 5. a3 Bc5 6. e3 Nbd7 7.
Ne2 h6 8. h3 Qe7 9. d3 O-O 10.
Nd2 c6 11. g4 e5 12. Ng3 Nb6 13. Nf3 d4 14. e4 Bd6 15. Bc1 a4 16. b4 c5 17. bxc5 Bxc5 18. g5 hxg5 19. Bxg5 Qd6 20.
Nh4 Nh7 21. Nhf5 Qc7 22. Bd2 Re8 23. h4 g6 24. Nh6+ Kg7 25. h5 Be6 26. hxg6 fxg6 27. Ng4 Be7 28. Rb1 Nd7 29. Bh6+ Kg8 30. Bd2 Kg7 31.
Bf3 Ng5 32. Bg2 Rh8 33. Rxh8 Rxh8 34. Kf1 Nf7 35. Kg1 Nf6 36. Nxf6 Bxf6 37. Bb4 Bh3 38. Qf3 Qd7 39. Rc1 Bg4 40. Nf5+ gxf5 41. Qg3 f4 0-1

[Event "*** Titled Tuesday Blitz"]
[Site "Chess.com"]
[Date "2020.12.29"]
[Round "2"]
[White "HanSchut"]
[Black "SCIM"]
[Result "1-0"]
[WhiteElo "2241"]
[BlackElo "2426"]
[TimeControl "180+1"]
[EndTime "10:18:21 PST"]
[Termination "HanSchut won on time"]

1. e4 c5 2. Nf3 e6 3. c4 Nc6 4.
Nc3 g5 5. h3 Bg7 6. d4 Nxd4 7.
Nxd4 cxd4 8. Nb5 d6 9. Nxd4 Qa5+ 10. Bd2 Qe5 11. Bc3 Qxe4+ 12. Be2 Bxd4 13. Bxd4 e5 14. Bc3 Qg6 15. c5 dxc5 16. Bxe5 f6 17. Bb5+ Kf8 18. Qd8+ Kg7 19. Bd6 Nh6 20. Qe7+ Nf7 21. O-O Bf5 22. Qe2 b6 23. Rad1 Rad8 24. Bg3 a6 25. Bc4 Rhe8 26.
Bxf7 Qxf7 27. Qf3 Bg6 28. Qa3 Rxd1 29. Rxd1 a5 30. Qa4 Bf5 31. Rd6 Re6 32. Qc6 Rxd6 33.
Qxd6 Qd7 34. Qxb6 Be4 35. Kh2 Qd1 36. Qxa5 Qd5 37. Qc7+ 1-0

[Event "*** Titled Tuesday Blitz"]
[Site "Chess.com"]
[Date "2020.12.29"]
[Round "2"]
[White "dretch"]
[Black "Agibileg"]
[Result "1-0"]
[WhiteElo "2838"]
[BlackElo "2541"]
[TimeControl "180+1"]
[EndTime "10:18:22 PST"]
[Termination "dretch won on time"]

1. d4 Nf6 2. c4 g6 3. Nc3 Bg7 4. e4 d6 5. Nf3 O-O 6. h3 e5 7.
dxe5 dxe5 8. Qxd8 Rxd8 9. Bg5 c6 10. Nxe5 Re8 11. O-O-O Na6 12. Nf3 Nc5 13. e5 Nfd7 14. Be3 Ne6 15. Ne4 Nxe5 16. Nd6 Rd8 17. Be2 b5 18.
cxb5 cxb5 19. Nxb5 Ba6 20. Nxe5 Bxe5 21. Rxd8+ Rxd8 22. Nc3 Bb7 23. Bf3 Bxf3 24. gxf3 a6 25. Rd1 Rc8 26.
Kc2 Kg7 27. Rd5 Kf6 28. Kd3 Bxc3 29. bxc3 Rb8 30. Kc2 Ke7 31. Ra5 Ra8 32. Rd5 Rc8 33. a4 Rc6 34. Kb3 f5 35. Kb4 Nc7 36. Rc5 Kd7 37. h4 Rxc5 38. Kxc5 f4 39. Bd2 h6 40. c4 g5 41. hxg5 hxg5 42. Kb6 Ne6 43. Bc3 1-0

[Event "*** Titled Tuesday Blitz"]
[Site "Chess.com"]
[Date "2020.12.29"]
[Round "2"]
[White "1random"]
[Black "GregShahade"]
[Result "1-0"]
[WhiteElo "2433"]
[BlackElo "2669"]
[TimeControl "180+1"]
[EndTime "10:18:22 PST"]
[Termination "1random won by checkmate"]

1. e4 e5 2. Nf3 Nc6 3. Nc3 Nf6 4. d4 exd4 5. Nxd4 Bb4 6. Nxc6 bxc6 7. Bd3 d5 8. exd5 O-O 9. O-O Bg4 10. f3 Bh5 11. Bg5 Qd6 12. a3 Bxc3 13. bxc3 Nxd5 14. c4 Qc5+ 15. Kh1 Nb6 16. Bd2 Rfe8 17. Bb4 Qg5 18. f4 Qh6 19. Qd2 Rad8 20. Qf2 Bg4 21. f5 f6 22. Qg3 Be2 23. Rfe1 Bxd3 24. cxd3 Rxe1+ 25. Rxe1 Na8 26. Qf3 Qg5 27. Qxc6 Qxf5 28. Re8+ Kf7 29. Re7+ Kg6 30. h3 Qf1+ 31. Kh2 Qf4+ 32. Kg1 Rxd3 33. Qe8+ Kh6 34. Re1 Qd4+ 35. Kh1 Nb6 36. g4 Rd1 37. Qh5# 1-0